 Dungeon Crawl Stone Soup version 0.29.1-2-gbd0b4ee654 (webtiles) character file.

Game seed: 15260096550327619494

78 DemonSlayer the Firebug (level 4, -18/45 HPs)
             Began as a Demonspawn Fire Elementalist on Oct 31, 2022.
             Killed by an exploding Sigmund (30 damage)
             ... ignited by their inner flame
             ... on level 2 of the Dungeon.
             The game lasted 00:03:22 (2682 turns).

DemonSlayer the Firebug (DsFE)                      Turns: 2682, Time: 00:03:22

Health: -18/45     AC: 22    Str:  8    XL:     4   Next: 15%
Magic:  8/8        EV:  2    Int: 19    God:
Gold:   82         SH:  0    Dex: 19    Spells: 5/8 levels left

rFire   . . .      SeeInvis .   c - +1 hand axe
rCold   . . .      Faith    .   (no shield)
rNeg    . . .      Spirit   .   (body armour currently unavailable)
rPois   +          Reflect  .   (helmet currently unavailable)
rElec   .          Harm     .   (cloak currently unavailable)
rCorr   .          Rampage  .   (gloves currently unavailable)
Will    .....      NoTele   +   (boots currently unavailable)
Stlth   ++........              (no amulet)
HPRegen 0.15/turn               e - +6 ring of dexterity
MPRegen 0.11/turn               (no ring)

@: mighty, tree-form (expiring), attractive, invisible
A: stationary, stasis, torment immunity, boosted hp, (antennae 1), demonic magic
1
a: no special abilities


You were on level 2 of the Dungeon.
You were a tree.
You visited 1 branch of the dungeon, and saw 2 of its levels.

You collected 82 gold pieces.

Inventory:

Hand Weapons
 c - a +1 hand axe (weapon)
Armour
 a - a +0 robe (melded)
 b - a +0 pair of boots (melded)
 d - a +0 cloak (melded)
Jewellery
 e - a +6 ring of dexterity (left branch)
Wands
 m - a wand of acid (4) (quivered)
Scrolls
 f - a scroll of immolation
 g - a scroll of amnesia {unknown}
 h - a scroll of torment {unknown}
 i - a scroll of enchant armour {unknown}
 l - a scroll of enchant weapon
 n - a scroll of butterflies {unknown}
 p - a scroll of identify {unknown}
 q - a scroll of magic mapping {unknown}


   Skills:
 + Level 0.9 Axes
 + Level 1.7 Dodging
 + Level 2.2 Stealth
 + Level 2.7 Spellcasting
 + Level 2.1 Conjurations
 + Level 3.2 Fire Magic


You had 5 spell levels left.
You knew the following spells:

 Your Spells              Type           Power      Damage    Failure   Level
a - Foxfire               Conj/Fire      48%        2x1d6     5%          1
b - Scorch                Fire           28%        2d6       6%          2

Your spell library contained the following spells:

 Spells                   Type           Power      Damage    Failure   Level
 Conjure Flame            Conj/Fire      12%        6-21      16%         3
 Inner Flame              Hex/Fire       8%         N/A       24%         3
 Flame Wave               Conj/Fire      12%        2d6       45%         4


Dungeon Overview and Level Annotations

Branches:
Dungeon (2/15)

Altars:
Uskayaw


Innate Abilities, Weirdness & Mutations

You are a tree.
Your roots penetrate the ground, keeping you stationary.
You cannot be teleported.
You are immune to unholy pain and torment.
Your maximum health is greatly increased.
Your equipment is partially melded.
((You have a pair of small antennae on your head.))
Spells you cast may paralyse adjacent enemies.


Message History

Sigmund gestures at you while chanting.
You are confused.
Sigmund laughs darkly.
You are too confused!
It was a potion of lignification.
You turn into a tree.
Your +0 cloak melds into your body.
Your +0 pair of boots melds into your body.
Your +0 robe melds into your body.
Your roots penetrate the ground.
It was a potion of attraction.
You feel attractive to monsters. Sigmund gestures at you while chanting.
You resist with some effort. Sigmund is attracted toward you.
It was a potion of invisibility.
You fade into invisibility!
Sigmund hits you but does no damage.
You feel very mighty all of a sudden. Sigmund casts a spell at you.
You resist with some effort.
You cannot move. (Use ctrl+direction or * direction to attack while stationary and confused.)
You cannot move. (Use ctrl+direction or * direction to attack while stationary and confused.)
You cannot move. (Use ctrl+direction or * direction to attack while stationary and confused.)
You closely miss Sigmund.
You feel less confused. Sigmund hits you with a +0 scythe.
* * * LOW HITPOINT WARNING * * *
You closely miss Sigmund.
Your transformation is almost over.
Sigmund hits you but does no damage.
You catch the helpless Sigmund completely off-guard!
You hit Sigmund.
Flame seeps out of Sigmund.
Sigmund is moderately wounded.
You slash Sigmund!
Flame seeps out of Sigmund.
Sigmund is heavily wounded.
Sigmund is engulfed in blazing flames.
Flame seeps out of Sigmund.
Sigmund hits you but does no damage.
You slash Sigmund!
Sigmund explodes!
The fiery explosion engulfs you!!
Ouch! That really hurt!
You die...

...............###..
.................<....#..
#........ ............###
##..... ..##+#.........)..
#...... ##................
#......##..............[..
#................#########
#................#
#.....§♣§......#
#.$....°...........
#.....§.§...........
#....................♣
#...........#.......♣♣
#...........#....##♣♣
#..........##....#
#..........# ..
######.....#


There were no monsters in sight!

Vanquished Creatures
  Sigmund (D:2)
  4 adders (D:2)
  A dart slug (D:1)
  5 bats
  4 endoplasms
  2 giant cockroaches
  3 hobgoblins
  2 jackals (D:2)
  A quokka (D:1)
  6 ball pythons
  3 goblins
  3 kobolds (D:1)
  5 rats
40 creatures vanquished.

Vanquished Creatures (others)
  107 foxfires
107 creatures vanquished.

Grand Total: 147 creatures vanquished

Notes
Turn   | Place    | Note
-------+----------+-------------------------------------------
     0 | D:1      | DemonSlayer the Demonspawn Fire Elementalist began the
                  | quest for the Orb.
     0 | D:1      | Reached XP level 1. HP: 13/13 MP: 3/3
   569 | D:1      | Reached skill level 3 in Fire Magic
   569 | D:1      | Gained mutation: You have a pair of small antennae on your
                  | head. [demonic ancestry]
   569 | D:1      | Reached XP level 2. HP: 14/19 MP: 1/5
  1233 | D:1      | Found a faded altar of an unknown god.
  1708 | D:1      | Learned a level 2 spell: Scorch
  1792 | D:2      | Reached XP level 3. HP: 17/24 MP: 1/6
  2038 | D:2      | Found a hide-covered altar of Uskayaw.
  2417 | D:2      | Gained mutation: Spells you cast may paralyse adjacent
                  | enemies. [demonic ancestry]
  2417 | D:2      | Reached XP level 4. HP: 23/30 MP: 3/8
  2666 | D:2      | Noticed Sigmund
  2682 | D:2      | Killed Sigmund
  2682 | D:2      | Killed by an exploding Sigmund... ignited by their inner
                  | flame

Illustrated notes

Levels and vault maps discovered:
D:1:      dpeg_arrival_rhombus, layout_basic, ebering_ecumenical_altar_abandoned
D:2:      layout_basic, basic_altar, minmay_fractal_squares_5, uniq_sigmund,
          uniq_crazy_yiuf_cottage

Skill      XL: |  1  2  3 |
---------------+----------+-----
Fire Magic     | 3 |  3.2
Stealth        | 2 |  2.2
Conjurations   | 2 |  2.1
Axes           | |  0.9
Dodging        | |  1.7
Spellcasting   | |  2.7

Action                   |  1- 3 |  4- 6 || total
-------------------------+-------+-------++-------
Melee: Hand axe          |    25 |     4 ||    29
       Punch             |     1 |       ||     1
 Cast: Foxfire           |    62 |       ||    62
       Scorch            |    16 |     2 ||    18
Evoke: Wand              |       |     1 ||     1
  Use: Potion            |     1 |     4 ||     5
       Scroll            |       |     2 ||     2
 Stab: Sleeping          |     1 |       ||     1
       Invisible         |       |     1 ||     1
Armor: Robe              |     8 |       ||     8
       Skin              |       |     3 ||     3
Dodge: Dodged            |    20 |       ||    20
